 Dungeon Crawl Stone Soup version 0.13-a0-2485-g242ae62 (webtiles) character file.

131979 Rycklaryybbe the Black Belt (level 16, -8/138 (139) HPs)
             Began as a Red Draconian Monk on July 21, 2013.
             Was a High Priest of Okawaru.
             Mangled by a skeletal warrior
             ... wielding a +0,+0 great mace
              (33 damage)
             ... on Level 16 of the Dungeon.
             The game lasted 03:06:19 (36935 turns).

Rycklaryybbe the Black Belt (Red Draconian Monk)   Turns: 36935, Time: 03:06:19

HP  -8/138 (139) AC 17     Str 14      XL: 16   Next: 52%
MP  23/23        EV 33     Int 12      God: Okawaru [*****.]
Gold 1808        SH  0     Dex 22      Spells:  1 memorised, 13 levels left

Res.Fire  : + + .   See Invis. : .     - Unarmed
Res.Cold  : . . .   Warding    : .   (armour unavailable)
Life Prot.: . . .   Conserve   : .   (no shield)
Res.Poison: .       Res.Corr.  : .   D - +2 cap {rF+}
Res.Elec. : .       Clarity    : +   M - +1 cloak (curse)
Sust.Abil.: . .     Spirit.Shd : .   w - +2 pair of gloves {Dex+3}
Res.Mut.  : .       Stasis     : .   u - +0 pair of boots
Res.Rott. : .       Flight     : .   T - amulet of clarity
Saprovore : . . .                    z - ring of protection from magic
                                     j - ring of protection from magic

@: non-regenerating, mildly diseased, hasted, heroism, very quick, extremely
resistant to hostile enchantments, quite stealthy
A: breathe fire, unfitting armour, talons 1, deformed body, fire resistance 1,
spit poison 1, AC +9
a: Spit Poison, Breathe Fire, Heroism, Finesse, Renounce Religion


You were on level 16 of the Dungeon.
You worshipped Okawaru.
Okawaru was exalted by your worship.
You were near starving.

You visited 3 branches of the dungeon, and saw 25 of its levels.
You also visited: Volcano.

You collected 1808 gold pieces.

Inventory:

Hand weapons
 a - a +0,+2 sling
 f - a +3,+1 longbow of flame
Missiles
 v - 17 javelins (quivered)
Armour
 u - a +0 pair of boots (worn)
 w - a +2 pair of gloves of dexterity (worn)
 D - a +2 cap of fire resistance (worn)
 M - a cursed +1 cloak (worn)
 V - a +1 shield of protection
Magical devices
 e - a wand of cold (5)
 o - a wand of polymorph (9) {unknown}
 s - a wand of invisibility (2)
 L - a wand of digging (16)
 O - a wand of digging (3)
 R - a wand of teleportation (4)
Comestibles
 d - 2 chunks of yak flesh
 l - 3 meat rations
 H - 7 bread rations
 N - a choko
Scrolls
 c - 2 scrolls of magic mapping
 h - 2 scrolls of fear
 n - a scroll of fog
 r - a scroll of blinking
 y - 2 scrolls of amnesia
 B - 3 scrolls of teleportation
 K - 8 scrolls of remove curse
 P - a scroll of identify
 Q - 2 scrolls of silence
Jewellery
 i - a cursed ring of poison resistance
 j - a ring of protection from magic (left hand)
 t - an uncursed ring of protection from cold
 x - an uncursed ring of ice
 z - a ring of protection from magic (right hand)
 G - a cursed ring of positive energy
 T - an amulet of clarity (around neck)
Potions
 b - a potion of speed
 m - 3 potions of resistance
 A - a potion of porridge
 I - 4 potions of curing
 J - 2 potions of restore abilities
Books
 C - a book of the Tempests

   Spells                             Type                      Level
   Static Discharge                   Conjuration/Air              3
   Lightning Bolt                     Conjuration/Air              5
   Fireball                           Conjuration/Fire             5
   Tornado                            Air                          9
   Shatter                            Earth                        9
Miscellaneous
 F - a sack of spiders
 Y - a lamp of fire (inert)


   Skills:
 + Level 14.1(19.1) Fighting
 + Level 15.8(20.8) Dodging
 - Level 1.7(6.7) Stealth
 + Level 17.3(22.3) Unarmed Combat
 - Level 2.4 Charms
 - Level 2.7 Translocations
 - Level 5.1 Invocations


You had 13 spell levels left.
You knew the following spells:

 Your Spells              Type           Power        Failure   Level  Hunger
a - Shroud of Golubria    Chrm/Tloc      #.........   17%         2    ###....


Dungeon Overview and Level Annotations

Branches:
Dungeon (16/27)            Temple (1/1) D:4             Orc (0/4) D:10
   Lair (8/8) D:12         Shoals (0/5) Lair:6       Spider (0/5) Lair:4
  Slime: Lair:6-8    Vaults: D:15-20

Altars:
Ashenzari
Cheibriados
Elyvilon
Fedhas
Kikubaaqudgha
Makhleb
Nemelex Xobeh
Okawaru
Sif Muna
Trog
Vehumet
Xom
Yredelemnul
Zin
the Shining One
Beogh

Shops:
D:5: * D:9: [ D:12: +

Annotations
Lair:3 exclusion: oklob plant
Lair:7 exclusion: oklob plant


Innate Abilities, Weirdness & Mutations

You can breathe blasts of fire.
Your fiery red scales are hard (AC +9).
Your body does not fit into most forms of armour.
Your cold-blooded metabolism reacts poorly to cold.
Your flesh is heat resistant.
You have sharp toenails.
Your body is misshapen.
You can spit poison.


Message History

The yaktaur struggles to get unstuck from the web.
You punch the yaktaur!
The yaktaur is almost dead.
You punch the yaktaur!
You kill the yaktaur!
Okawaru accepts your kill.
The skeletal warrior hits you from afar with a halberd.
* * * LOW HITPOINT WARNING * * *
The yaktaur tears the web.
The skeletal warrior picks up 20 bolts.
The yaktaur unwields an uncursed crossbow.
The yaktaur misses you.
Items here: %%% ((( ))))
You hit the yaktaur.
The yaktaur is severely wounded.
The skeletal warrior misses you.
You pummel the yaktaur!!
You kill the yaktaur!
Okawaru accepts your kill.
The skeletal warrior hits you with a great mace!
You die...

#.### ....###.##.###.###.##
#.#.# ....# #.##.# #.# #.##
...## ....# #.##.###.###.##
####### #..# #.##.....#.....
(.....# #..# #.##.....#.....
#####%#### #..#
#.......>...... #....## #..#
####...........
#.....##.#.z######...........
#..........z@(.^.....<.......
#..8..##.#.z###^.....#.#.#.##
#....................#.#.#.##
#....................#.#.#.##
###.##.......8.......#.#.#.##
#.##..^^...........#.#....#
#.##.....................(.
###.....<^...##......#.#....#
#.......^^.^.................


You could see 3 skeletal warriors.

Vanquished Creatures
  Rupert (D:15)
  Agnes (D:16)
  A ghoul (D:16)
  2 dragons (D:16)
  Fannar (D:15)
  10 hydras
  Nessos (D:12)
  Erica (D:10)
  5 death yaks
  4 centaur warriors
  Urug (D:16)
  Nergalle (D:12)
  7 skeletal warriors
  A giant amoeba (D:16)
  5 large abominations (D:9)
  Pikel (D:9)
  4 hill giants
  3 orc knights
  A griffon (Lair:7)
  The ghost of SkaryMonk the Arsonist, an experienced DEFE of Vehumet (D:9)
  2 cyclopes
  17 elephants
  A wizard (D:9)
  An item mimic (Lair:5)
  6 black mambas
  11 spiny frogs
  The ghost of mahrgell the Grappler, an experienced NaTm of Cheibriados (D:10)
  4 yaktaurs (D:16)
  2 guardian mummies (D:16)
  7 fire drakes
  7 two-headed ogres
  Grinder (D:6)
  10 slime creatures
  7 trolls
  11 komodo dragons
  An orb spider (Lair:4)
  A raven (shapeshifter) (D:12)
  2 blink frogs (Lair:8)
  A dragon zombie (D:14)
  2 spectral orcs (D:12)
  A grizzly bear (Lair:2)
  4 basilisks
  10 ugly things
  7 wyverns
  3 water elementals
  A hill giant zombie (D:14)
  4 sharks
  36 yaks
  Eustachio (D:5)
  An elephant slug (Lair:5)
  16 hippogriffs
  A hippogriff (shapeshifter) (D:13)
  2 clay golems (Volcano)
  A deep elf fighter (D:14)
  18 wolves
  A hill giant skeleton (D:14)
  A vampire mosquito (D:14)
  3 hungry ghosts
  2 hell hounds (Lair:8)
  A mottled dragon (Volcano)
  Edmund (D:6)
  A necrophage (D:8)
  3 manticores
  A rock worm (D:16)
  11 porcupines
  A naga (D:14)
  12 orc warriors
  6 small abominations (D:9)
  2 yellow wasps
  A blink frog zombie (D:16)
  4 phantoms
  A slave (D:9)
  5 sky beasts
  6 ogres
  An ice beast (D:10)
  13 crocodiles
  A giant goldfish (D:12)
  A blink frog skeleton (D:16)
  Duvessa (D:8)
  4 wargs (Lair:8)
  A big kobold (D:15)
  A brain worm (D:14)
  8 centaurs
  A draconian (D:14)
  A gnoll sergeant (D:8)
  9 giant slugs
  Blork the orc (D:4)
  2 cyclops zombies
  14 water moccasins
  4 agate snails
  16 giant frogs
  A manticore zombie (D:14)
  A rock worm zombie (D:16)
  10 lava fish (Volcano)
  2 troll zombies
  14 wights
  A yak zombie (D:10)
  6 fire bats (Volcano)
  12 killer bees
  An electric eel (D:12)
  3 jellyfish
  A troll skeleton (D:15)
  2 quasits
  A yak skeleton (D:13)
  3 goliath beetles
  Dowan (D:8)
  16 crimson imps
  The ghost of mahrgell the Ruffian, an average NaTm of Cheibriados (D:3)
  A giant frog zombie (D:12)
  4 lava snakes (Volcano)
  A two-headed ogre zombie (D:10)
  A giant frog skeleton (D:3)
  23 hounds
  5 iguanas
  3 big fish (D:12)
  A centaur skeleton (D:3)
  16 orc priests
  13 worker ants
  12 orc wizards
  3 scorpions
  A mottled dragon zombie (D:16)
  An ogre skeleton (D:4)
  A sheep (Lair:8)
  A big kobold skeleton (D:10)
  3 mummies (D:16)
  5 jellies
  A worker ant zombie (D:7)
  A hound skeleton (D:10)
  8 gnolls
  34 green rats
  17 adders
  2 giant centipedes
  A giant mite (Lair:7)
  6 worms
  2 scorpion zombies (D:10)
  2 giant eyeballs
  10 giant geckos
  2 oozes
  89 orcs
  21 bats
  7 giant cockroaches
  14 hobgoblins
  50 jackals
  20 quokkas
  2 ball pythons
  5 giant newts
  3 giant spores
  16 goblins
  A hobgoblin zombie (D:9)
  19 kobolds
  A kobold skeleton (D:7)
  An orc skeleton (D:8)
  18 rats
  5 ballistomycetes
  A bush (Lair:7)
925 creatures vanquished.

Vanquished Creatures (collateral kills)
  A centaur warrior (D:14)
  An unseen horror (D:14)
  A small abomination (D:9)
  5 centaurs
  A jelly (D:14)
9 creatures vanquished.

Vanquished Creatures (others)
  An efreet (D:14)
  2 fire elementals
  2 slaves (D:9)
  A big kobold (D:9)
  A hound (D:9)
  7 spiders
  A sheep (Lair:8)
  A green rat (Lair:8)
  2 worms
  An orc (D:9)
  A hobgoblin (D:9)
  A kobold (D:9)
  7 fungi (Lair:8)
  7 plants
35 creatures vanquished.

Grand Total: 969 creatures vanquished

Notes
Turn   | Place    | Note
--------------------------------------------------------------
     0 | D:1      | Rycklaryybbe, the Draconian Monk, began the quest for the Orb.
     0 | D:1      | Reached XP level 1. HP: 17/17 MP: 0/0
   101 | D:1      | Reached XP level 2. HP: 24/24 MP: 1/1
  1203 | D:2      | Reached skill level 5 in Unarmed Combat
  1319 | D:2      | Reached XP level 3. HP: 30/30 MP: 2/2
  2050 | D:3      | Reached XP level 4. HP: 20/37 MP: 3/3
  2295 | D:3      | Found a deep blue altar of Sif Muna.
  2399 | D:3      | Noticed mahrgell's ghost (average NaTm)
  2446 | D:3      | Killed mahrgell's ghost
  2446 | D:3      | Reached skill level 6 in Unarmed Combat
  2541 | D:3      | Gained mutation: You have sharp toenails. [potion of mutation]
  2541 | D:3      | Gained mutation: You can spit poison. [potion of mutation]
  2541 | D:3      | Gained mutation: Your body is misshapen. [potion of mutation]
  2722 | D:3      | Reached XP level 5. HP: 33/44 MP: 4/4
  3130 | D:4      | Found a staircase to the Ecumenical Temple.
  3161 | Temple   | Entered the Ecumenical Temple
  3378 | Temple   | Became a worshipper of Warmaster Okawaru
  3378 | Temple   | Acquired Okawaru's first power
  3429 | D:4      | Reached skill level 7 in Unarmed Combat
  3613 | D:4      | Reached XP level 6. HP: 38/50 MP: 2/5
  3775 | D:4      | Found a burning altar of Makhleb.
  3978 | D:4      | Reached skill level 8 in Unarmed Combat
  4152 | D:4      | Noticed Blork the orc
  4163 | D:4      | Killed Blork the orc
  4461 | D:5      | Entered Level 5 of the Dungeon
  4480 | D:5      | Your scales start taking on a fiery red colour.
  4480 | D:5      | Gained mutation: Your flesh is heat resistant. [draconian maturity]
  4480 | D:5      | Reached XP level 7. HP: 47/56 MP: 6/6
  4764 | D:5      | Reached skill level 9 in Unarmed Combat
  4872 | D:5      | Found a blossoming altar of Fedhas.
  4940 | D:5      | Found Agiuwaf's Assorted Antiques.
  5608 | D:5      | Reached skill level 10 in Unarmed Combat
  5654 | D:5      | Reached XP level 8. HP: 55/63 MP: 7/7
  5941 | D:6      | Noticed Eustachio
  6001 | D:5      | Killed Eustachio
  6212 | D:6      | Reached skill level 5 in Fighting
  6392 | D:6      | Noticed Edmund
  6424 | D:6      | Killed Edmund
  6424 | D:6      | Reached skill level 5 in Dodging
  6435 | D:6      | Noticed Grinder
  6453 | D:6      | Paralysed by Grinder for 5 turns
  6468 | D:6      | Killed Grinder
  6468 | D:6      | Reached XP level 9. HP: 46/73 MP: 5/8
  8183 | D:7      | Paralysed by a giant eyeball for 2 turns
  8186 | D:7      | Paralysed by a giant eyeball for 2 turns
  8400 | D:8      | Found a glowing golden altar of the Shining One.
  8575 | D:8      | Acquired Okawaru's second power
  8989 | D:8      | Noticed Duvessa
  8989 | D:8      | Noticed Dowan
  8996 | D:8      | Killed Duvessa
  9004 | D:8      | Killed Dowan
  9403 | D:8      | Found a glowing golden altar of the Shining One.
  9603 | D:9      | Reached XP level 10. HP: 77/77 MP: 9/9
  9879 | D:9      | Noticed SkaryMonk's ghost (experienced DEFE)
  9896 | D:9      | Killed SkaryMonk's ghost
  9896 | D:9      | Reached skill level 10 in Dodging
 10251 | D:9      | Found a glowing silver altar of Zin.
 10470 | D:9      | Noticed Pikel
 10472 | D:9      | Noticed a wizard
 10481 | D:9      | Killed Pikel
 10486 | D:9      | Killed a wizard
 10486 | D:9      | Reached skill level 11 in Dodging
 10519 | D:9      | Identified Gheinyg's Grimoire of Execration
 10523 | D:9      | Got a sparkling bone ring
 10540 | D:9      | Noticed a large abomination
 10540 | D:9      | Noticed a large abomination
 10540 | D:9      | Noticed a large abomination
 10540 | D:9      | Noticed a large abomination
 10540 | D:9      | Noticed a large abomination
 10565 | D:9      | Found Thraojuta's Antique Armour Shop.
 10633 | D:9      | Killed a large abomination
 10680 | D:9      | Killed a large abomination
 10680 | D:9      | Reached skill level 12 in Dodging
 10717 | D:9      | Killed a large abomination
 10717 | D:9      | Received a gift from Okawaru
 10717 | D:9      | Reached XP level 11. HP: 61/85 MP: 7/10
 10758 | D:9      | Killed a large abomination
 10795 | D:9      | Killed a large abomination
 11421 | D:10     | Entered Level 10 of the Dungeon
 11789 | D:10     | Noticed mahrgell's ghost (experienced NaTm)
 11821 | D:10     | Killed mahrgell's ghost
 11939 | D:10     | Noticed Erica
 11951 | D:10     | Killed Erica
 11951 | D:10     | Reached skill level 10 in Fighting
 12370 | D:10     | Found a roughly hewn altar of Beogh.
 12510 | D:10     | Found a staircase to the Orcish Mines.
 12827 | D:10     | Noticed a hill giant
 12834 | D:10     | Killed a hill giant
 14039 | D:12     | Noticed Nessos
 14073 | D:12     | Killed Nessos
 14370 | D:12     | Found Shajud's Book Shoppe.
 14371 | D:12     | Noticed Nergalle
 14390 | D:12     | Killed Nergalle
 14511 | D:12     | Found a staircase to the Lair.
 14520 | Lair:1   | Entered Level 1 of the Lair of Beasts
 14540 | Lair:1   | Chaositek: Hello
 14540 | Lair:1   | Rycklaryybbe: хай
 14540 | Lair:1   | Rycklaryybbe: глянь, есть что-то из заклов путное?
 14540 | Lair:1   | Chaositek: Ок
 14540 | Lair:1   | Chaositek: Шрауд ничего так
 14540 | Lair:1   | Chaositek: для рукопашника
 14540 | Lair:1   | Rycklaryybbe: да я в принципе и боевые бы заклы прокачал
 14540 | Lair:1   | Chaositek: контрол телепорт ничего так для всех
 14540 | Lair:1   | Rycklaryybbe: ладно, пока забью
 14540 | Lair:1   | Rycklaryybbe: ничего особого нет
 14540 | Lair:1   | Chaositek: и кьюр пойзон
 14540 | Lair:1   | Rycklaryybbe: всякий шлак
 14540 | Lair:1   | Rycklaryybbe: кьюр выучу позже
 14540 | Lair:1   | Rycklaryybbe: когда пойду за рунами)
 14540 | Lair:1   | Rycklaryybbe: вчера вот без негоу мер такйо фартовый перс
 14540 | Lair:1   | Rycklaryybbe: а этот как бомж голы
 14540 | Lair:1   | Rycklaryybbe: й
 14608 | Lair:1   | Reached XP level 12. HP: 96/100 MP: 11/11
 14614 | Lair:1   | Chaositek: он монк ему простительно
 14691 | Lair:1   | Got a transparent long sword
 14692 | Lair:1   | Identified the long sword of Crawling {slice, rF+} (You found it on level 1 of the Lair of Beasts)
 16304 | Lair:3   | Reached skill level 13 in Unarmed Combat
 16334 | Lair:3   | Chaositek: Поставил я АДОМ новый там тайловая графика, можно как нить ANSII вернуть?
 16338 | Lair:3   | Rycklaryybbe: да, f8 или f9
 16373 | Lair:3   | Rycklaryybbe: ты можешь играть в адом на сервере
 16420 | Lair:3   | Chaositek: Через браузер или PUTTY?
 16428 | Lair:3   | Rycklaryybbe: путти
 16431 | Lair:3   | Chaositek: Понятно
 16893 | Lair:4   | Chaositek: Только мне не надо, в августе отдыхать поеду, там инета нет нормального так что лучше офлайново поиграю
 16937 | Lair:4   | Noticed a seven-headed hydra
 16938 | Lair:4   | Rycklaryybbe: ну так я бы мог посмотреть)))
 16938 | Lair:4   | Rycklaryybbe: хотя там всегда кто-то играет
 16938 | Lair:4   | Rycklaryybbe: а тут пока первая гидра))
 16950 | Lair:4   | Rycklaryybbe: все плохо)
 17320 | Lair:4   | Killed a seven-headed hydra
 17463 | Lair:4   | Noticed an eight-headed hydra
 17908 | Lair:3   | Killed an eight-headed hydra
 18471 | Lair:4   | Reached skill level 14 in Unarmed Combat
 18471 | Lair:4   | Reached XP level 13. HP: 107/110 MP: 12/12
 18472 | Lair:4   | Reached skill level 15 in Unarmed Combat
 18472 | Lair:4   | Reached XP level 14. HP: 114/118 MP: 13/13
 18512 | Lair:4   | Found a hole to the Spider Nest.
 18933 | Lair:4   | Chaositek: радуйся что не с мечем бегаешь
 18980 | Lair:4   | Received a gift from Okawaru
 19132 | Lair:4   | Rycklaryybbe: почему такой процент на Финес?
 19132 | Lair:4   | Rycklaryybbe: надо инвокейшен прокачать что ли?
 20154 | Lair:4   | Chaositek: угу
 20158 | Lair:4   | Rycklaryybbe: ясно
 20256 | Lair:5   | Reached skill level 1 in Invocations
 20349 | Lair:5   | Chaositek: Таки советую тебе качнуть шрауд
 20379 | Lair:5   | Chaositek: дает шанс избежать урона в ближней атаке
 20379 | Lair:5   | Rycklaryybbe: да, выучу
 20435 | Lair:5   | Found a dark tunnel.
 20455 | Lair:5   | Rycklaryybbe: идти туда?)
 20461 | Volcano  | Entered a volcano
 20505 | Volcano  | Chaositek: свитки надо было скинуть
 20505 | Volcano  | Rycklaryybbe: я скинул
 20505 | Volcano  | Chaositek: Молодца
 20505 | Volcano  | Rycklaryybbe: взял с собой парочку..
 20519 | Volcano  | Chaositek: Которая почти наверняка сгорит к ебеням.
 20551 | Volcano  | Chaositek: И еще вулкан может извергатся
 20627 | Volcano  | Chaositek: долго не задерживайся
 20627 | Volcano  | Rycklaryybbe: звучит не очень радостно
 20674 | Volcano  | Found a radiant altar of Vehumet.
 20742 | Volcano  | Chaositek: есть ванда дезынтеграции?
 20742 | Volcano  | Rycklaryybbe: нет
 20742 | Volcano  | Chaositek: ок
 20837 | Volcano  | Chaositek: ты мог там свалить =D
 20837 | Volcano  | Rycklaryybbe: ага)
 20837 | Volcano  | Rycklaryybbe: ладно. не оставлять же экпу
 20875 | Lair:5   | Rycklaryybbe: хорошее оружие
 20875 | Lair:5   | Chaositek: Очень
 20877 | Lair:5   | Chaositek: Лучшее в своем классе
 20884 | Lair:5   | Rycklaryybbe: как-то бегал с такой штукой, без бренда правда, но все равно норм валит
 21716 | Lair:5   | Reached skill level 5 in Invocations
 22307 | Lair:6   | Found a staircase to the Shoals.
 22316 | Lair:6   | Reached XP level 15. HP: 73/126 MP: 22/22
 23227 | Lair:7   | Chaositek: Дэф як многих положил
 23228 | Lair:7   | Rycklaryybbe: ага
 23228 | Lair:7   | Rycklaryybbe: меня частенько поджимают
 23240 | Lair:7   | Chaositek: У разработчиков нездоровое помешательство на Яках
 23697 | Lair:7   | Rycklaryybbe: бог что-то ничего не дарит
 23697 | Lair:7   | Rycklaryybbe: в прошлый раз к этому времени я уже был одел по моде
 23825 | Lair:7   | Rycklaryybbe: блядь
 23825 | Lair:7   | Chaositek: Окаменел
 23825 | Lair:7   | Rycklaryybbe: таки закаменел меня(
 23826 | Lair:7   | HP: 4/126 [yak (4)]
 23827 | Lair:7   | Chaositek: фир
 23827 | Lair:7   | Chaositek: читай фир
 25444 | Lair:8   | Entered Level 8 of the Lair of Beasts
 25499 | Lair:8   | Found a burning altar of Makhleb.
 25941 | Lair:8   | Received a gift from Okawaru
 26622 | Lair:8   | Reached skill level 16 in Unarmed Combat
 28460 | Lair:8   | Received a gift from Okawaru
 28461 | Lair:8   | Got a polished executioner's axe {god gift}
 28462 | Lair:8   | Identified the executioner's axe of Ruhiuw {god gift, chop, rElec Stlth++} (Okawaru gifted it to you on level 8 of the Lair of Beasts)
 28568 | Lair:8   | Chaositek: лол Экзекьюшенер акс
 28570 | Lair:8   | Rycklaryybbe: ока рехнулся
 28570 | Lair:8   | Rycklaryybbe: одни топоры дарит
 28570 | Lair:8   | Chaositek: Лучшее в своем классе оружие
 28582 | Lair:8   | Chaositek: А что ему дарить? Кастеты?
 28586 | Lair:8   | Rycklaryybbe: броню!
 28586 | Lair:8   | Rycklaryybbe: артефактные плащи
 28586 | Lair:8   | Rycklaryybbe: ботинки полета
 28586 | Lair:8   | Rycklaryybbe: перчатки силы
 28588 | Lair:8   | Chaositek: лучше скорости а не полета=)
 28597 | Lair:8   | Rycklaryybbe: мне нравится полет)
 28597 | Lair:8   | Chaositek: Жаль что тут торговли нет
 29440 | Lair:8   | Reached skill level 15 in Dodging
 29847 | Lair:8   | Rycklaryybbe: мда
 29847 | Lair:8   | Rycklaryybbe: странный 8 этаж, даже без сокровищ
 29893 | Lair:7   | Chaositek: СОкровища в соседних ветках
 29894 | Lair:7   | Chaositek: ого ничего так клоак
 29894 | Lair:7   | Rycklaryybbe: да
 29894 | Lair:7   | Chaositek: Сколько денег?
 29894 | Lair:7   | Rycklaryybbe: и деньги вроде есть
 29894 | Lair:7   | Rycklaryybbe: 1300
 29894 | Lair:7   | Chaositek: у тебя ?
 29894 | Lair:7   | Rycklaryybbe: стоит
 29894 | Lair:7   | Rycklaryybbe: у меня 1440
 29894 | Lair:7   | Chaositek: Сходи купи =)
 29894 | Lair:7   | Rycklaryybbe: да не буду пока)
 29894 | Lair:7   | Chaositek: что так?
 29894 | Lair:7   | Rycklaryybbe: подожду что ока подарит
 29894 | Lair:7   | Chaositek: Го в оркиш тогда
 29894 | Lair:7   | Rycklaryybbe: мне там накидают
 29909 | Lair:7   | Chaositek: да после Лейра норм вроде
 29914 | Lair:7   | Rycklaryybbe: да в леере так еще ни одним персом не выхватывал, как этим)
 29914 | Lair:7   | Rycklaryybbe: обычно леер проходится вообще на легке
 29914 | Lair:7   | Chaositek: можешь вниз по основному данже до ваултов сбегать
 29930 | Lair:7   | Rycklaryybbe: да, немного пргуляюсь
 30099 | Lair:1   | Learned a level 2 spell: Shroud of Golubria
 30400 | D:13     | Chaositek: я думал ты сдох
 30409 | D:13     | Rycklaryybbe: нет еще)
 30430 | D:13     | Rycklaryybbe: выучить фаербол что ли
 30430 | D:13     | Rycklaryybbe: у меня +2 к огню)
 30430 | D:13     | Chaositek: Норм так то
 30430 | D:13     | Chaositek: Потом может Fire storm найдешь
 30430 | D:13     | Rycklaryybbe: правда инты мало
 30430 | D:13     | Chaositek: самый мощный спелл в игре
 30430 | D:13     | Rycklaryybbe: круто
 30430 | D:13     | Rycklaryybbe: не кастовал еще
 30430 | D:13     | Chaositek: Вообще тебе лучше трансмуты качать
 30430 | D:13     | Rycklaryybbe: нету пока
 30442 | D:13     | Chaositek: Руки ножницы, Превращение в лича или Дракона
 30562 | D:13     | Reached skill level 1 in Translocations
 30579 | D:13     | Found an iron altar of Okawaru.
 30927 | D:14     | Entered Level 14 of the Dungeon
 30974 | D:14     | Reached skill level 1 in Charms
 31189 | D:14     | Rycklaryybbe: ансин хорор
 31189 | D:14     | Chaositek: С бурдой не бегай
 31289 | D:14     | Chaositek: всегда думал что Ифрит видит невидимое
 31488 | D:14     | Chaositek: лол
 31564 | D:14     | Rycklaryybbe: а ифрит жжот
 31564 | D:14     | Chaositek: На то он и ифрит
 31564 | D:14     | Rycklaryybbe: чувствую себя настоящим красным драконом)
 31564 | D:14     | Rycklaryybbe: огонь и все такое
 31909 | D:14     | Chaositek: В НетХаке если с бурдой ходишь силу качнуть можно
 31910 | D:14     | Rycklaryybbe: в адоме тоже)
 32441 | D:14     | Rycklaryybbe: бляя
 32646 | D:15     | Entered Level 15 of the Dungeon
 32670 | D:15     | Received a gift from Okawaru
 32684 | D:15     | Rycklaryybbe: о, хоть что-то
 32684 | D:15     | Rycklaryybbe: перча ловкости
 32931 | D:15     | Noticed Fannar
 32950 | D:15     | Killed Fannar
 33077 | D:15     | Found a roughly hewn altar of Beogh.
 33180 | D:15     | Reached XP level 16. HP: 55/136 MP: 23/23
 34234 | D:15     | Chaositek: сколько ходов у тебя атака?
 34239 | D:15     | Chaositek: 0,7
 34241 | D:15     | Chaositek: круто
 34331 | D:15     | Rycklaryybbe: если еще финес врубить
 34331 | D:15     | Rycklaryybbe: будет вообще ок
 34599 | D:16     | Chaositek: вальнеш как нех
 34670 | D:16     | Noticed Agnes
 34674 | D:16     | Noticed Urug
 34683 | D:16     | Killed Agnes
 34702 | D:16     | Killed Urug
 35145 | D:16     | Reached skill level 17 in Unarmed Combat
 35638 | D:16     | Noticed Rupert
 35653 | D:16     | Rycklaryybbe: вот жеж сука!
 35653 | D:16     | Rycklaryybbe: с берсерком(
 35675 | D:15     | Chaositek: Старина руперт
 35912 | D:15     | Killed Rupert
 35914 | D:15     | Rycklaryybbe: берсерк на берсерк))
 35914 | D:15     | Rycklaryybbe: повезло
 36935 | D:16     | Mangled by a skeletal warrior

Action                   |  1- 3 |  4- 6 |  7- 9 | 10-12 | 13-15 | 16-18 || total
-------------------------+-------+-------+-------+-------+-------+-------++-------
Melee: Unarmed           |   156 |   194 |   399 |  1060 |  1509 |   455 ||  3773
       Long sword        |       |       |       |     2 |       |       ||     2
       Executioner's axe |       |       |       |       |     7 |       ||     7
 Fire: Sling             |       |     6 |    28 |       |       |       ||    34
       Bow               |       |       |    10 |       |       |       ||    10
Throw: Dart              |       |     5 |     9 |    10 |       |       ||    24
       Dagger            |       |       |     3 |     5 |       |       ||     8
       Spear             |       |       |     3 |     4 |       |       ||     7
       Javelin           |       |       |       |    13 |    65 |    64 ||   142
Invok: Heroism           |       |     2 |     6 |    11 |     7 |     3 ||    29
       Finesse           |       |       |       |       |     1 |       ||     1
 Abil: Breathe Fire      |       |       |    12 |    19 |    20 |     7 ||    58
       Spit Poison       |       |       |     4 |     6 |     2 |     1 ||    13
Evoke: Wand              |       |       |     2 |    12 |    18 |     7 ||    39
       Miscellaneous     |       |       |       |     2 |     5 |     5 ||    12
  Use: Potion            |       |     3 |     4 |    15 |     6 |     4 ||    32
       Scroll            |       |     8 |     9 |    11 |    11 |     3 ||    42
 Stab: Sleeping          |     3 |     2 |       |    10 |     7 |     1 ||    23
       Distracted        |       |       |     1 |     3 |     1 |     1 ||     6
       Confused          |       |       |       |     1 |       |       ||     1
       Paralysed         |       |       |       |       |       |     5 ||     5
